Map: Acropolis LE

Players

PizzaBrusH

  • Race: Terran Terran
  • League: Master
  • Spawn Location: 5:00

zuka - Winner!

  • Race: Protoss Protoss
  • League: Master
  • Spawn Location: 11:00

VOD

https://youtu.be/A-jfQRoyAM0

Description

Time

  • Played on: June 5, 2019, 3:30 p.m.
  • Length: 11:14
Show
View Real Time Build Order
Export as new Build Order

PizzaBrusH Terran 

Build Orders:  

Get SALT Encoding   

  12  0:01  SCV  
  13  0:14  SCV  
  13  0:18  Supply Depot  
  14  0:26  SCV  
  15  0:40  SCV  
  15  0:42  Barracks  
  16  0:46  Refinery  
  16  0:52  SCV  
  17  1:04  SCV  
  18  1:16  SCV  
  19  1:30  Barracks Tech Lab  
  19  1:31  Orbital Command  
  19  1:49  Concussive Shells, Marauder  
  21  1:55  Command Center  
  21  2:04  Supply Depot  
  21  2:11  Marauder  
  23  2:21  Bunker  
  23  2:26  SCV  
  24  2:32  Marauder  
  26  2:38  SCV  
  26  2:50  SCV, Factory  
  27  2:55  Refinery  
  27  3:11  SCV  
  28  3:17  SCV  
  27  3:21  Marauder  
  28  3:29  SCV  
  28  3:30  Orbital Command  
  29  3:37  Starport  
  29  3:40  Factory Tech Lab  
  29  3:42  SCV  
  30  3:54  SCV  
  31  3:58  SCV  
  32  4:05  Barracks Reactor  
  32  4:06  SCV  
  32  4:08  Supply Depot  
  32  4:09  Siege Tank  
  36  4:10  SCV  
  37  4:17  Refinery  
  37  4:18  SCV  
  37  4:22  SCV  
  39  4:30  SCV  
  40  4:32  Barracks  
  40  4:34  Barracks, SCV  
  41  4:42  SCV  
  41  4:44  Raven  
  44  4:46  SCV  
  44  4:48  Marine x2  
  47  4:54  SCV  
  47  4:58  SCV, Refinery  
  49  5:04  Supply Depot  
  49  5:06  SCV  
  50  5:10  Supply Depot  
  50  5:11  Siege Tank  
  50  5:12  SCV  
  54  5:23  Barracks Tech Lab  
  54  5:24  Barracks Tech Lab  
  54  5:25  Marine x2  
  54  5:26  Engineering Bay, SCV x2  
  52  5:38  SCV x2  
  54  5:44  Marine x2  
  54  5:45  Stimpack, Combat Shield, Marauder  
  54  5:46  Siege Tank  
  61  5:50  SCV x2  
  60  5:58  Viking  
  60  6:02  SCV x2  
  64  6:09  Terran Infantry Weapons Level 1  
  64  6:13  Supply Depot  
  64  6:14  Supply Depot, SCV x2  
  64  6:18  Marine  
  64  6:19  Marine, Marauder x2  
  70  6:32  Supply Depot  
  70  6:34  SCV x2, Siege Tank, Raven  
  70  6:35  Supply Depot  
  70  6:38  Marine x2  
  79  6:46  SCV x2  
  81  6:48  Supply Depot  
  81  6:49  Supply Depot  
  81  6:55  Marauder  
  81  6:56  Marine x2, Marauder  
  87  7:10  Starport  
  87  7:14  SCV  
  87  7:15  SCV  
  89  7:25  Marine  
  89  7:26  Marine, Marauder x2  
  89  7:27  Viking  
  97  7:36  Missile Turret  
  97  7:39  Command Center  
  97  7:43  Marine x2, Missile Turret  
  99  7:44  Missile Turret  
  99  7:47  Marauder x2  
  99  7:51  SCV x2  
  96  8:11  Marine x2  
  96  8:12  Marauder x2  
  78  8:19  Starport Reactor  
  76  8:21  Siege Tank  
  76  8:22  SCV x2  
  83  8:29  Marine  
  83  8:33  Factory, Marauder x2  
  86  8:34  Factory  
  86  8:35  Refinery  
  86  8:36  Refinery  
  86  8:37  SCV x2  
  86  8:38  Missile Turret  
  88  8:49  Armory  
  88  8:51  Orbital Command  
  88  8:52  SCV x2, Armory  
  88  8:53  Engineering Bay  
  90  8:56  Missile Turret x2  
  90  8:59  Siege Tank  
  93  9:08  Marine, Marauder  
  96  9:17  Supply Depot, Factory Tech Lab x2  
  96  9:21  Supply Depot  
  96  9:24  SCV x3  
  99  9:31  Siege Tank  
  99  9:33  Medivac, Missile Turret  
  99  9:36  Siege Tank x2  
  110  9:44  SCV x3  
  113  9:46  Missile Turret  
  113  9:50  Supply Depot  
  113  9:51  Supply Depot  
  113  9:56  SCV x3  
  116  10:00  Sensor Tower  
  116  10:07  Missile Turret  
  116  10:08  Missile Turret  
  116  10:10  Siege Tank x2  
  116  10:12  Siege Tank  
  125  10:29  Command Center  
Show
View Real Time Build Order
Export as new Build Order

zuka Protoss - Winner!

Build Orders: 1 Gate Expand, Colossus Rush 

Get SALT Encoding   

  12  0:00  Probe  
  13  0:13  Probe  
  14  0:18  Pylon  
  14  0:21  Probe  
  15  0:32  Probe  
  15  0:40  Gateway  
  16  0:42  Probe  
  16  0:48  Assimilator  
  17  0:54  Probe  
  18  1:02  Probe  
  18  1:10  Probe  
  21  1:29  Nexus  
  20  1:36  Cybernetics Core  
  20  1:38  Probe  
  21  1:45  Assimilator  
  21  1:50  Probe  
  22  1:58  Pylon  
  22  2:02  Probe  
  22  2:07  Stalker  
  23  2:13  Warp Gate  
  23  2:16  Probe  
  26  2:28  Probe  
  27  2:34  Stalker  
  27  2:37  Shield Battery  
  31  2:48  Robotics Facility  
  31  2:49  Probe  
  30  2:57  Stalker  
  31  3:07  Probe x2  
  33  3:18  Probe  
  35  3:20  Probe  
  35  3:26  Probe  
  35  3:32  Probe  
  37  3:36  Observer  
  37  3:37  Probe  
  39  3:42  Robotics Bay  
  39  3:44  Probe  
  40  3:49  Probe  
  40  3:52  Pylon  
  41  3:56  Warp Prism  
  41  3:57  Gateway  
  41  3:58  Probe  
  41  3:59  Gateway  
  44  4:10  Probe  
  44  4:11  Probe  
  44  4:15  Pylon  
  46  4:20  Observer  
  46  4:22  Probe, Disruptor  
  46  4:23  Probe  
  48  4:35  Gravitic Drive  
  51  4:49  Probe x2, Twilight Council  
  53  4:55  Observer  
  53  4:56  Nexus  
  53  4:58  Pylon  
  53  4:59  Colossus  
  53  5:06  Assimilator  
  54  5:08  Assimilator  
  54  5:13  Pylon  
  54  5:14  Probe  
  60  5:16  Probe  
  61  5:26  Probe  
  61  5:28  Probe  
  63  5:29  Extended Thermal Lance  
  63  5:38  Probe  
  63  5:40  Probe, Pylon  
  65  5:44  Gateway  
  65  5:46  Forge  
  65  5:50  Charge  
  65  5:52  Shield Battery  
  65  5:59  Probe x2  
  65  6:03  Shield Battery  
  67  6:09  Colossus, Pylon  
  67  6:10  Observer, Pylon  
  67  6:11  Probe x2  
  69  6:23  Probe x2, Zealot x2  
  81  6:28  Zealot  
  83  6:35  Probe  
  83  6:36  Probe  
  83  6:37  Probe  
  86  6:44  Protoss Ground Weapons Level 1  
  86  6:45  Gateway  
  86  6:47  Colossus, Probe, Gateway  
  86  6:49  Probe  
  86  6:50  Probe  
  89  6:59  Probe  
  89  7:01  Probe  
  91  7:06  Probe  
  91  7:08  Pylon  
  97  7:17  Blink  
  97  7:18  Probe x2  
  97  7:19  Zealot x3  
  105  7:25  Templar Archives  
  105  7:26  Probe  
  106  7:30  Pylon  
  106  7:33  Assimilator  
  106  7:36  Assimilator  
  106  7:40  Pylon  
  106  7:41  Zealot x2  
  112  7:46  Immortal  
  114  7:52  Zealot x4  
  116  8:09  Zealot x2  
  110  8:16  Probe  
  110  8:17  Probe  
  110  8:18  Zealot x4  
  120  8:24  Gateway  
  120  8:26  Observer  
  121  8:32  Stalker  
  123  8:35  Pylon  
  123  8:38  Templar Archives  
  123  8:39  Zealot  
  123  8:40  Zealot x4  
  133  8:41  Forge  
  133  8:50  Pylon  
  133  8:53  Observer  
  134  9:04  Stalker x3  
  134  9:05  Stalker x3  
  134  9:09  Pylon  
  146  9:14  Psionic Storm  
  146  9:18  Protoss Ground Armor Level 1  
  146  9:23  Pylon  
  146  9:32  Nexus  
  146  9:35  Pylon  
  146  9:39  Gateway  
  146  9:42  Gateway, Pylon  
  146  9:45  Gateway  
  146  9:50  High Templar x4  
  146  9:52  Zealot x3  
  158  9:53  Observer  
  158  9:56  Pylon  
  161  10:01  Assimilator  
  161  10:05  Assimilator  
  161  10:06  Pylon  
  161  10:10  Gateway  
  161  10:12  Gateway  
  161  10:28  Zealot  
  161  10:29  Zealot x5  
  161  10:30  Zealot  
  120  10:57  Zealot x6  
  120  10:58  Zealot x4  
  120  11:01  Archon  
Tags
 
Add a new tag
Caveats
  • Supply blocks, unpowered buildings, or Contaminate may cause inaccurate times.
  • Supply counts are checked every 10 seconds.